 Dungeon Crawl Stone Soup version 0.17-a0-1900-g45e8110 (webtiles) character file.

1137 Ijustatesigmund the Slinger (level 8, -18/49 HPs)
             Began as a Halfling Hunter on Sept 24, 2015.
             Was a Follower of Dithmenos.
             Demolished by an orc warrior
             ... wielding a +1 halberd of venom
              (19 damage)
             ... on level 9 of the Dungeon.
             The game lasted 00:12:40 (4517 turns).

Ijustatesigmund the Slinger (Halfling Hunter)       Turns: 4517, Time: 00:12:40

Health: -18/49     AC:  6    Str: 12    XL:     8   Next: 63%
Magic:  11/11      EV: 15    Int: 10    God:    Dithmenos [*.....]
Gold:   269        SH:  0    Dex: 17    Spells: 0 memorised, 7 levels left

rFire  . . .     SeeInvis .     a - +1 hunting sling
rCold  + . .     Clarity  .     j - +1 robe {MR+}
rNeg   . . .     SustAt   .     (shield restricted)
rPois  +         Gourm    .     (no helmet)
rElec  +         Spirit   .     v - +0 cloak
rCorr  +         Warding  .     (no gloves)
rMut   .         Stasis   .     p - +1 pair of boots
MR     +....                    w - amulet "Waaps" {rCorr rElec rPois rC+}
Stlth  ++++......               (no ring)
                                t - ring of wizardry

@: wreathed by umbra, somewhat resistant to hostile enchantments, stealthy
A: mutation resistance 1
a: Renounce Religion


You were on level 9 of the Dungeon.
You worshipped Dithmenos.
Dithmenos was aware of your devotion.
You were not hungry.

You visited 1 branch of the dungeon, and saw 7 of its levels.

You collected 269 gold pieces.

Inventory:

Hand weapons
 a - a +1 hunting sling (weapon)
 c - a +0 short sword
Missiles
 i - 68 stones (quivered)
Armour
 d - a +0 leather armour
 j - a +1 robe of magic resistance (worn)
 p - a +1 pair of boots (worn)
 v - a +0 cloak (worn)
Jewellery
 r - an uncursed amulet of the gourmand
 t - a ring of wizardry (left hand)
 w - the amulet "Waaps" (around neck) {rCorr rElec rPois rC+}
   (You found it on level 5 of the Dungeon)

   [amulet of resist corrosion]

   It protects you from acid and corrosion.
   It protects you from cold.
   It insulates you from electricity.
   It protects you from poison.
Magical devices
 g - a wand of cold (8)
 x - a wand of magic darts (30)
 A - a wand of confusion (35)
Scrolls
 l - 2 scrolls of remove curse
Potions
 b - 2 potions of agility
 h - 2 potions of flight {unknown}
 m - a potion of resistance {unknown}
 o - 2 potions of brilliance
 s - a potion of degeneration {unknown}
 u - a potion of invisibility {unknown}
 z - a potion of mutation {unknown}
Books
 k - a book of Air

   Spells                             Type                      Level
   a - Shock                          Conjuration/Air              1
   b - Swiftness                      Charms/Air                   2
   c - Repel Missiles                 Charms/Air                   2
   d - Static Discharge               Conjuration/Air              3
   e - Lightning Bolt                 Conjuration/Air              5
Comestibles
 e - 5 bread rations
 f - 4 meat rations
 n - 2 slices of pizza
 q - 4 chunks of flesh
 B - 2 fruits


   Skills:
 - Level 1.7 Fighting
 + Level 5.4 Short Blades
 + Level 9.5 Slings
 - Level 2.1 Dodging
 + Level 6.1 Stealth
 + Level 4.5 Invocations


You had 7 spell levels left.
You didn't know any spells.

Dungeon Overview and Level Annotations

Branches:
Dungeon (9/15)             Temple (0/1) D:4
   Lair: D:8-11         Orc: D:9-12

Altars:
Ashenzari
Dithmenos
Fedhas
Trog
Xom
Yredelemnul
Zin
The Shining One

Annotations:
D:2 exclusion: oklob plant


Innate Abilities, Weirdness & Mutations

You are small and have problems with some larger weapons.
You are somewhat resistant to further mutation.


Message History

Press: ? - help, Shift-Dir - straight line, f/p - crimson imp
Aim: a crimson imp (moderately wounded)
You shoot a stone.
The stone barely misses the crimson imp.
The crimson imp summons a swarm of flies.
Firing (i - inventory):
i - 69 stones (quivered)
Press: ? - help, Shift-Dir - straight line, f/p - crimson imp
Aim: a crimson imp (lightly wounded)
You shoot a stone. The stone hits the crimson imp.
The crimson imp is heavily wounded.
The orc warrior hits you from afar with a halberd of venom!!
* * * LOW HITPOINT WARNING * * *
The crimson imp sputters.
The crimson imp barely misses you.
Found a rapier.
You see here a stone.
You miss the crimson imp.
The crimson imp is moderately wounded.
The orc warrior hits you from afar with a halberd of venom!!
You die...

#. . ## .#. #.
.). z#.#.###.#
#(# .z.(#...
#.# #..#..#####
#.#
#5#.(o...##.#
#.#
#((.o.#.##.#
#(#
#o..##.####5#
#.#.##...##@#
##s.##.#.##.#
#..###.)o.o.#
###.###.#.####
#......##.#
......##.####.#
...... #.# #.#
.##.# #.# #.#
#. #.# ##.##
###


You could see an orc warrior and a crimson imp.

Vanquished Creatures
  A two-headed ogre (D:9)
  2 centaurs
  A phantom (D:5)
  An ogre (D:4)
  A giant frog (D:6)
  The ghost of kae the Shooter, a weakling HEHu (D:3)
  2 orc priests
  4 hounds
  A jelly (D:5)
  An orc wizard (D:4)
  3 worker ants
  Terence (D:2)
  A worker ant zombie (D:5)
  A shadow imp (D:5)
  7 adders
  2 oozes
  4 worms
  2 giant geckos
  7 orcs
  A ball python (D:2)
  3 giant cockroaches
  5 goblins
  10 hobgoblins
  9 jackals
  6 bats
  A giant newt (D:3)
  10 kobolds
  4 quokkas
  7 rats
99 creatures vanquished.

Notes
Turn   | Place    | Note
--------------------------------------------------------------
     0 | D:1      | Ijustatesigmund the Halfling Hunter began the quest for the Orb.
     0 | D:1      | Reached XP level 1. HP: 14/14 MP: 1/1
    55 | D:1      | Reached skill level 6 in Slings
    66 | D:1      | Reached XP level 2. HP: 19/19 MP: 2/2
   178 | D:1      | Reached XP level 3. HP: 24/24 MP: 3/3
   728 | D:2      | Found a shattered altar of Ashenzari.
   733 | D:2      | Found a glowing golden altar of the Shining One.
   857 | D:2      | Reached skill level 7 in Slings
   974 | D:2      | Reached XP level 4. HP: 29/29 MP: 4/4
  1063 | D:2      | Found a basalt altar of Yredelemnul.
  1160 | D:2      | Found a blossoming altar of Fedhas.
  1172 | D:2      | Noticed Terence
  1181 | D:2      | Killed Terence
  1202 | D:2      | Noticed an oklob plant
  1240 | D:2      | Reached skill level 1 in Short Blades
  1276 | D:2      | Found a shadowy altar of Dithmenos.
  1286 | D:2      | Reached XP level 5. HP: 30/34 MP: 5/5
  1291 | D:2      | Became a worshipper of Dithmenos the Shadowed
  1830 | D:3      | Noticed kae's ghost (weakling HEHu)
  1839 | D:3      | Reached skill level 1 in Invocations
  1871 | D:3      | Killed kae's ghost
  1871 | D:3      | Reached skill level 8 in Slings
  1871 | D:3      | Reached XP level 6. HP: 39/39 MP: 5/7
  2234 | D:3      | Found a bloodstained altar of Trog.
  2316 | D:4      | Found a glowing silver altar of Zin.
  2316 | D:4      | Noticed an angel
  2318 | D:4      | Found a shimmering altar of Xom.
  2486 | D:4      | Found a staircase to the Ecumenical Temple.
  3038 | D:4      | Reached XP level 7. HP: 22/44 MP: 7/9
  3175 | D:5      | Entered Level 5 of the Dungeon
  3527 | D:5      | Reached skill level 5 in Stealth
  3885 | D:5      | Reached skill level 9 in Slings
  3952 | D:5      | Got a bound amethyst amulet
  3956 | D:5      | Identified the amulet "Waaps" {rCorr rElec rPois rC+} (You found it on level 5 of the Dungeon)
  4004 | D:5      | Reached XP level 8. HP: 49/49 MP: 10/10
  4407 | D:6      | Reached skill level 5 in Short Blades
  4442 | D:6      | You fall through a shaft for 3 floors!
  4488 | D:9      | Noticed a two-headed ogre
  4497 | D:9      | Killed a two-headed ogre
  4515 | D:9      | HP: 1/49 [orc warrior/halberd of venom (18)]
  4517 | D:9      | Demolished by an orc warrior

Vault maps used:
D:1:      tarquinn_simple_flora_water_b
D:2:      tgw_fedhas, tso_oasis_becter, lemuel_round_altar, ashenzari_altar_1,
          hangedman_decor_growths, nicolae_dithmenos_shadow_blocks, uniq_terence
D:3:      lightli_temple_of_fire
D:4:      grunt_temple_overflow_order_and_chaos_1, lemuel_temple_firewalk,
          first_bread
D:6:      nemelex_xobeh_ov_fountains_minmay, overflow_temple_1_default,
          basic_altar
D:9:      lemuel_ice_statue, erik_orc_3

Action                   |  1- 3 |  4- 6 |  7- 9 || total
-------------------------+-------+-------+-------++-------
Melee: Hunting sling     |       |       |     1 ||     1
 Fire: Hunting sling     |    88 |   210 |   140 ||   438
  Use: Scroll            |     4 |       |     7 ||    11
       Potion            |       |     2 |       ||     2
  Eat: Chunk             |       |     4 |     4 ||     8
       Royal jelly       |       |     1 |       ||     1
